 Dungeon Crawl Stone Soup version 0.24.0-125-gc4c63601f3 (webtiles) character file.

Game seed: 2697698417517062019, levelgen mode: deterministic

4788 Mesmaeker13 the Geomancer (level 10, -4/56 HPs)
             Began as an Octopode Earth Elementalist on Feb 17, 2020.
             Was a Believer of Sif Muna.
             Slain by an orc warrior
             ... wielding a +0 halberd
              (7 damage)
             ... in a bailey.
             The game lasted 00:24:53 (12032 turns).

Mesmaeker13 the Geomancer (OpEE)                   Turns: 12032, Time: 00:24:54

Health: -4/56      AC:  1    Str: 11    XL:     10   Next: 47%
Magic:  8/14       EV: 17    Int: 20    God:    Sif Muna [**....]
Gold:   370        SH:  5    Dex: 12    Spells: 6/15 levels left

rFire    . . .     SeeInvis .   e - +1 whip (elec)
rCold    . . .     Gourm    .   C - +0 buckler
rNeg     . . .     Faith    .   (helmet restricted)
rPois    .         Spirit   .   n - amulet of rage
rElec    .         Reflect  .   t - ring of flight
rCorr    .         Harm     .   H - +2 ring of strength (curse)
MR       .....                  (no ring)
Stlth    +++.......             (no ring)
HPRegen  0.18/turn              (no ring)
MPRegen  0.14/turn              (no ring)
                                (no ring)
                                (no ring)

@: no status effects
A: almost no armour, stealthy swim, amphibious, 8 rings, constrict 8, camouflage
1, gelatinous body 1
a: Channel Magic, Renounce Religion, Evoke Berserk Rage, Evoke Flight


You were in a bailey.
You worshipped Sif Muna.
Sif Muna was pleased with you.
You were not hungry.

You visited 2 branches of the dungeon, and saw 11 of its levels.
You also visited: Sewer and Bailey.

You collected 450 gold pieces.
You spent 80 gold pieces at shops.

Inventory:

Hand Weapons
 a - a +2 whip of holy wrath
 e - a +1 whip of electrocution (weapon)
Missiles
 b - 75 stones
 A - 18 poisoned darts (quivered)
Armour
 C - a +0 buckler (worn)
Jewellery
 l - a +3 amulet of reflection {unknown}
 n - an amulet of rage (around mantle)
 t - a ring of flight (left tentacle)
 H - a cursed +2 ring of strength (right tentacle)
Wands
 y - a wand of clouds (2)
 D - a wand of flame (2)
 E - a wand of digging (5)
Scrolls
 d - 4 scrolls of remove curse
 g - 3 scrolls of fear
 k - 2 scrolls of enchant armour
 m - 3 scrolls of teleportation
 s - a scroll of immolation {unknown}
 u - a scroll of enchant weapon
 w - a scroll of vulnerability {unknown}
 x - 2 scrolls of noise {unknown}
Potions
 f - 2 potions of heal wounds
 h - 4 potions of curing
 j - 4 potions of agility
 p - a potion of lignification {unknown}
 q - 4 potions of flight
 r - 4 potions of might
 v - 2 potions of mutation
 z - a potion of degeneration {unknown}
 B - a potion of cancellation {unknown}
 F - a potion of invisibility {unknown}
 I - 2 potions of brilliance {unknown}
Comestibles
 c - 16 rations
 i - 6 chunks of flesh


   Skills:
 + Level 7.9 Dodging
 - Level 2.6 Stealth
 - Level 4.0 Shields
 - Level 3.0 Spellcasting
 + Level 8.2 Conjurations
   Level 1.0 Transmutations
 + Level 9.3 Earth Magic


You had 6 spell levels left.
You knew the following spells:

 Your Spells              Type           Power        Failure   Level  Hunger
a - Sandblast             Erth           #####.       1%          1    None
b - Stone Arrow           Conj/Erth      #####.       1%          3    ###....
c - Lee's Rapid Deconstr  Erth           #####.....   9%          5    ######.

Your spell library contained the following spells:

 Spells                   Type           Power        Failure   Level  Hunger
 Passwall                 Tmut/Erth      ###.....     2%          2    ##.....
 Petrify                  Tmut/Erth      ###.....     17%         4    ####...


Dungeon Overview and Level Annotations

Branches:
Dungeon (10/15)            Temple (1/1) D:7           Sewer (visited)
 Bailey (1/1)
   Lair: D:8-11         Orc: D:9-12

Altars:
Ashenzari
Cheibriados
Dithmenos
Fedhas
Gozag
Hepliaklqana
Kikubaaqudgha
Makhleb
Nemelex Xobeh
Okawaru
Qazlal
Ru
Sif Muna
Trog
Uskayaw
Vehumet
Wu Jian
Xom
Yredelemnul
Zin
The Shining One

Shops:
D:4 [!!}(


Innate Abilities, Weirdness & Mutations

You cannot wear most types of armour.
You are very stealthy in the water. (Stealth+)
You are amphibious.
You can wear up to eight rings at the same time.
You can use your tentacles to constrict eight enemies at once.
Your skin changes colour to match your surroundings (Stealth+).
Your rubbery body absorbs attacks. (AC +1, EV +1)


Message History

Casting: Stone Arrow (safe; 1% risk of failure)
Confirm with . or Enter, or press ? or * to list all spells.
Aiming: Sandblast (safe; 1% risk of failure)
Press: ? - help, Shift-Dir - straight line, f/p - orc warrior
Aim: an orc warrior, wielding a +0 halberd and wearing a +0 plate armour (heavily wounded)
The blast of sand hits the orc warrior.
The orc warrior is heavily wounded.
b - 76 stones The orc warrior hits you from afar with a +0 halberd!!
* * * LOW HITPOINT WARNING * * *
Casting: Sandblast (safe; 1% risk of failure)
Confirm with . or Enter, or press ? or * to list all spells.
Aiming: Sandblast (safe; 1% risk of failure)
Press: ? - help, Shift-Dir - straight line, f/p - orc warrior
Aim: an orc warrior, wielding a +0 halberd and wearing a +0 plate armour (heavily wounded)
The blast of sand hits the orc warrior!
The orc warrior is almost dead.
b - 75 stones The orc warrior hits you from afar with a +0 halberd!
You die...

≈:≈≈≈.....≈.≈≈#
≈.....≈≈≈:≈≈≈.....≈.≈≈#
≈.....≈≈≈.≈≈≈.....≈.≈≈#
≈.....≈≈≈≈≈≈≈.....≈.≈≈#
≈≈....≈≈≈≈)≈≈....≈≈.≈≈#
.≈.....≈≈≈≈≈.....≈.≈≈≈#
.≈≈.⌠..≈≈≈≈≈..⌠.≈≈.≈≈≈#
≈.≈.....≈≈≈.....≈.≈≈≈≈#
≈.≈≈≈..@....(.≈≈≈.≈≈≈≈#
≈≈.o≈≈≈(....≈≈≈..≈≈≈≈≈#
≈≈≈≈.o≈#().#)).≈≈≈≈≈≈≈#
≈≈≈≈≈≈)#)..#.≈≈≈≈≈≈≈≈##
≈≈≈≈≈≈≈#..)#≈≈≈≈≈≈≈≈##
≈≈≈≈≈≈≈#..)#≈≈≈≈≈≈≈##
#########'''#########
##......)............##
##.....).).............##


You could see an orc warrior and an orc.

Vanquished Creatures
  A two-headed ogre (D:7)
  A hungry ghost (D:9)
  9 orc warriors (Bailey)
  An ice beast (D:9)
  Purgy (Sewer)
  2 black bears (D:7)
  3 phantoms
  3 ogres
  9 centaurs
  5 bullfrogs
  6 killer bees
  A howler monkey (D:7)
  2 crimson imps
  A quasit (D:5)
  2 hounds
  2 orc priests
  A bullfrog skeleton (D:4)
  Crazy Yiuf (D:7)
  5 orc wizards
  2 worker ants
  A hound skeleton (D:2)
  2 hound zombies
  9 adders
  3 shadow imps
  An ooze (D:3)
  An adder skeleton (D:6)
  6 worms
  3 dart slugs
  6 leopard geckos
  49 orcs
  14 giant cockroaches
  9 goblins
  16 hobgoblins
  16 jackals
  14 kobolds
  5 quokkas
  6 bats
  4 frilled lizards
  A leopard gecko skeleton (D:4)
  A quokka skeleton (D:6)
  A quokka zombie (D:6)
  6 rats
232 creatures vanquished.

Vanquished Creatures (collateral kills)
  A wyvern skeleton (D:9)
  2 killer bees (D:9)
  A shadow imp (D:9)
4 creatures vanquished.

Vanquished Creatures (others)
  A centaur (D:9)
1 creature vanquished.

Grand Total: 237 creatures vanquished

Notes
Turn   | Place    | Note
-------+----------+-------------------------------------------
     0 | D:1      | Mesmaeker13 the Octopode Earth Elementalist began the quest
                  | for the Orb.
     0 | D:1      | Reached XP level 1. HP: 11/11 MP: 3/3
   294 | D:1      | Reached XP level 2. HP: 10/17 MP: 5/5
   562 | D:1      | You fall into a shaft and drop 1 floor!
   572 | D:2      | Reached XP level 3. HP: 17/21 MP: 6/6
   995 | D:1      | Found a glowing golden altar of the Shining One.
  1481 | D:2      | Reached XP level 4. HP: 19/27 MP: 3/8
  2449 | D:2      | Found a snail-covered altar of Cheibriados.
  2656 | D:2      | Learned a level 3 spell: Stone Arrow
  2869 | D:3      | Reached skill level 4 in Earth Magic
  3224 | D:3      | Reached XP level 5. HP: 21/31 MP: 4/9
  3529 | D:3      | Reached skill level 1 in Conjurations
  4292 | D:4      | Found Arasaec's Distillery.
  4309 | D:4      | Bought a potion of curing for 30 gold pieces
  4309 | D:4      | Bought a potion of heal wounds for 50 gold pieces
  4362 | D:4      | Found Keleequla's Gadget Emporium.
  4415 | D:4      | Found Conloa's Antique Weapon Shoppe.
  4450 | D:4      | Found Lejimpel's Distillery.
  4467 | D:4      | Noticed a phantom
  4552 | D:4      | Killed a phantom
  4552 | D:4      | Reached XP level 6. HP: 28/36 MP: 1/10
  4809 | D:4      | Noticed a phantom
  4817 | D:4      | Killed a phantom
  4817 | D:4      | Reached skill level 5 in Earth Magic
  4887 | D:4      | Reached XP level 7. HP: 26/41 MP: 11/11
  5172 | D:4      | Found Ehalu's Antique Armour Emporium.
  5492 | D:4      | Found a burning altar of Makhleb.
  5493 | D:4      | Found a radiant altar of Vehumet.
  5653 | D:5      | Entered Level 5 of the Dungeon
  5705 | D:5      | Found a blossoming altar of Fedhas.
  5736 | D:5      | Reached skill level 5 in Dodging
  6015 | D:5      | Reached XP level 8. HP: 38/46 MP: 6/12
  6154 | D:5      | Found an opulent altar of Gozag.
  6511 | D:5      | Reached skill level 6 in Earth Magic
  6779 | D:5      | Found a hide-covered altar of Uskayaw.
  7215 | D:6      | Found a basalt altar of Yredelemnul.
  7238 | D:6      | Reached skill level 1 in Shields
  7356 | D:6      | Found a shadowy altar of Dithmenos.
  7475 | D:6      | Found a glowing drain.
  7509 | Sewer    | Entered a sewer
  7687 | Sewer    | Noticed Purgy
  7695 | Sewer    | Killed Purgy
  7893 | D:6      | Found a sparkling altar of Nemelex Xobeh.
  8157 | D:6      | Reached skill level 5 in Conjurations
  8539 | D:7      | Reached skill level 7 in Earth Magic
  8656 | D:7      | Reached XP level 9. HP: 48/51 MP: 9/13
  8704 | D:7      | Learned a level 5 spell: Lee's Rapid Deconstruction
  8895 | D:7      | Found a staircase to the Ecumenical Temple.
  8906 | Temple   | Entered the Ecumenical Temple
  9002 | Temple   | Became a worshipper of Sif Muna the Loreminder
  9301 | D:7      | Found a bloodstained altar of Trog.
  9535 | D:7      | Noticed a two-headed ogre
  9545 | D:7      | Killed a two-headed ogre
  9545 | D:7      | Reached skill level 8 in Earth Magic
  9940 | D:7      | Found a runed translucent door.
  9941 | D:7      | Noticed Crazy Yiuf
 10103 | D:7      | Killed Crazy Yiuf
 10233 | D:8      | Found a glowing silver altar of Zin.
 10239 | D:8      | You fall into a shaft and drop 2 floors!
 10239 | D:10     | Entered Level 10 of the Dungeon
 10261 | D:10     | Noticed a two-headed ogre
 10317 | D:9      | Reached XP level 10. HP: 28/56 MP: 3/14
 10370 | D:9      | Reached * piety under Sif Muna
 10420 | D:8      | Found a shimmering altar of Xom.
 10465 | D:8      | Found a flagged portal.
 10474 | Bailey   | Entered a bailey
 11163 | Bailey   | Reached skill level 9 in Earth Magic
 11904 | Bailey   | Reached ** piety under Sif Muna
 12032 | Bailey   | Slain by an orc warrior

Levels and vault maps discovered:
D:1:      lightli_arrival_maybe_door_vault, layout_rooms, grunt_decor_cap,
          tso_metal_star
D:2:      layout_basic, kennysheep_slug_shrine, minivault_24
D:3:      corexii_shack_village, layout_basic, first_ration
D:4:      layout_rooms, grunt_temple_overflow_lords_of_destruction,
          serial_shops, nicolae_shop_statue_plus, shop, shop,
          nicolae_shop_trees, nicolae_shop_trees
D:5:      layout_basic, lemuel_round_altar, old_standard_altar, fedhas_altar_1
D:6:      layout_cave_pods, grunt_dithmenos_smoke, yredelemnul_altar_generic,
          basic_altar, gup_sewer_entry_pipe
D:7:      layout_loops_ring, bloody_trog, minmay_temple_entry_trees,
          uniq_crazy_yiuf_cottage
D:8:      kennysheep_blocky_hall, layout_cave_pools, xom_teletrap_fun,
          zin_statuary, lemuel_coloured_pillars_altar, enter_bailey_6,
          serial_shops, shop, uniq_maurice
D:9:      layout_rooms, hiddenorc1_lemuel
D:10:     layout_roguey [special_room_bee], gammafunk_ghost_berserking_beasts
Temple:   jpeg_temple_island
Bailey:   bailey_polearm_flooded_kennysheep, bailey

Skill      XL: |  1  2  3  4  5  6  7  8  9 10 |
---------------+-------------------------------+-----
Dodging        | 3 4 5 6 7 |  7.9
Spellcasting   | 3 |  3.0
Earth Magic    | 4 5 7 8 9 |  9.3
Conjurations   | 2 4 5 7 8 |  8.2
Shields        | 3 4 |  4.0
Stealth        | |  2.6
Transmutations | |  1.0

Action                   |  1- 3 |  4- 6 |  7- 9 | 10-12 || total
-------------------------+-------+-------+-------+-------++-------
Melee: Unarmed           |    20 |       |       |       ||    20
       Constrict         |    21 |    31 |    30 |    10 ||    92
       Tentacles         |    17 |    28 |    16 |     5 ||    66
       Dagger            |    65 |   104 |       |       ||   169
       Whip              |       |    36 |   125 |    26 ||   187
Throw: Stone             |       |     1 |       |       ||     1
       Dart              |       |       |     2 |     1 ||     3
       Throwing net      |       |       |     1 |       ||     1
 Cast: Sandblast         |     8 |    43 |    85 |    64 ||   200
       Stone Arrow       |       |     3 |    24 |    21 ||    48
       Lee's Rapid Decon |       |       |     2 |     1 ||     3
Evoke: Wand              |       |       |     7 |    24 ||    31
  Use: Scroll            |       |     7 |     8 |     2 ||    17
       Potion            |       |       |       |     3 ||     3
 Stab: Sleeping          |     6 |    14 |     6 |     1 ||    27
  Eat: Chunk             |     2 |    11 |    16 |     6 ||    35
       Ration            |       |       |     1 |     1 ||     2
Armor: Skin              |     3 |     4 |     9 |     1 ||    17
Dodge: Dodged            |    64 |    86 |   163 |    76 ||   389
Block: Buckler           |       |       |    23 |    17 ||    40
